AoeStats
← 佞臣

Arena

509102064Analyzed
2v2 RM · 8d ago on Sep 25, 2026· 55m 15s· 4 players
Game mode
Random Map
Map size
Medium (4 player)
Population
200
Speed
Normal
Resources
Standard
Victory
Conquest
Starting age
Dark Age
Ending age
Imperial Age
RankedLock teamsTeams togetherTeam positionsShared explorationLock speedFull tech treeHidden civsTurbo modeCheats
Victory
Defeat
🇨🇳 Varangians · China
979
+14
🇨🇳 Italians · China
927
+17
🇹🇭 Goths · Thailand
947
-16
🇹🇭 Teutons · Thailand
923
-15
Cody
12:33 Feudal Age
15:50 Castle Age
13:51 Double-Bit Axe
14:43 Horse Collar
17:13 Wheelbarrow
19:12 Bow Saw
22:13 Heavy Plow
28:47 Pikeman
29:27 Squires
32:12 Imperial Age
29:30 Loom
31:03 Scale Barding Armor
31:08 Forging
32:35 Cavalier
34:17 Iron Casting
34:07 Chain Barding Armor
34:51 Two-Man Saw
34:25 Crop Rotation
35:32 Onager
37:00 Siege Engineers
37:34 Conscription
36:52 Paladin
37:44 Bloodlines
38:12 Plate Barding Armor
39:40 Ballistics
39:11 Heated Shot
40:30 Halberdier
42:07 Ironclad
43:18 Blast Furnace
42:19 Scale Mail Armor
43:28 Siege Onager
Zozimbo
0:49 Loom
11:04 Feudal Age
14:05 Double-Bit Axe
14:07 Horse Collar
16:31 Castle Age
25:53 Pikeman
26:34 Squires
30:16 Elite Skirmisher
33:19 Fletching
每天都打原神
10:48 Feudal Age
11:33 Double-Bit Axe
12:39 Wheelbarrow
16:02 Castle Age
14:30 Stone Mining
15:19 Gold Mining
15:14 Horse Collar
15:33 Loom
28:41 Bow Saw
29:51 Hand Cart
29:22 Town Watch
29:44 Fletching
30:23 Ballistics
29:46 Treadmill Crane
34:27 Imperial Age
32:38 Scale Barding Armor
34:03 Forging
34:28 Heavy Plow
35:09 Stone Shaft Mining
35:29 Conscription
36:59 Two-Man Saw
37:15 Ballistics
37:33 Iron Casting
37:19 Chain Barding Armor
38:53 Murder Holes
39:41 Crop Rotation
41:03 Plate Barding Armor
41:30 Blast Furnace
41:16 Masonry
41:19 Fortified Wall
43:28 Town Patrol
44:19 Architecture
43:37 Elite Jarl
46:10 Blast Furnace
46:52 Bodkin Arrow
50:06 Siege Engineers
49:51 Vendel Legacy
51:45 Caravan
佞臣
11:10 Feudal Age
11:50 Double-Bit Axe
18:29 Castle Age
16:48 Horse Collar
16:59 Stone Mining
17:02 Gold Mining
18:48 Forging
20:44 Bow Saw
21:03 Heavy Plow
23:56 Wheelbarrow
24:32 Fletching
24:48 Padded Archer Armor
26:36 Bodkin Arrow
26:58 Leather Archer Armor
27:17 Ballistics
28:03 Hand Cart
27:55 Murder Holes
29:15 Scale Barding Armor
30:12 Bloodlines
30:07 Husbandry
30:50 Iron Casting
30:44 Masonry
34:40 Imperial Age
31:59 Town Watch
32:32 Light Cavalry
34:07 Treadmill Crane
34:56 Chain Barding Armor
36:03 Bracer
36:33 Ring Archer Armor
37:47 Plate Barding Armor
37:38 Caravan
38:13 Silk Road
39:55 Elite Genoese Crossbowman
42:00 Hussar
44:45 Chemistry
44:17 Architecture
43:32 Arrowslits
45:56 Conscription
45:50 Pirotechnia
45:46 Pikeman
46:31 Squires
46:17 Arson
47:20 Man-at-Arms
49:15 Blast Furnace
48:15 Scale Mail Armor
52:25 Long Swordsman
Connection lost

Rejoining the realm…

Still unreachable

The connection could not be restored.

Session expired

The server has moved on; the page needs a fresh start.